 Dungeon Crawl Stone Soup version 0.28.0-1-gb440e238dd (webtiles) character file.

Game seed: 275910797515167082

44332 Snicker the Covert (level 13, -2/101 HPs)
             Began as a Demonspawn Delver on Feb 22, 2022.
             Was an Initiate of Gozag.
             Slain by a black mamba (22 damage)
             ... on level 4 of the Lair of Beasts.
             The game lasted 00:48:02 (27482 turns).

Snicker the Covert (Demonspawn Delver)             Turns: 27482, Time: 00:48:03

Health: -2/101     AC: 13    Str:  9      XL:     13   Next: 95%
Magic:  20/20      EV:  2    Int: 14 (16) God:    Gozag
Gold:   783        SH:  0    Dex: 18 (21) Spells: 12/12 levels left

rFire   + . .      SeeInvis .   b - +6 short sword of Tenacity {vorpal, +Blink rC+++ Int-3 Dex-2}
rCold   + + .      Faith    .   (no shield)
rNeg    . . .      Spirit   .   u - +2 leather armour of Midnight {+Inv rElec Regen+ Str-3}
rPois   .          Reflect  +   V - +1 hat
rElec   +          Harm     .   A - scarf {repulsion}
rCorr   .          Rampage  .   B - +2 pair of gloves
Will    .....                   (no boots)
Stlth   +++++.....              j - amulet of reflection
HPRegen 1.06/turn               W - ring "Paphebef" {Fire Drain MP+9 Int+6 Dex+4}
MPRegen 0.17/turn               (no ring)

@: sleeping, gold aura, hasted, repel missiles
A: hooves 1, spiny 1, sharp scales 3, condensation shield, deterioration 1, low
MP 1
a: Renounce Religion, Evoke Blink, Evoke Invisibility, Potion Petition, Call
Merchant, Bribe Branch


You were on level 4 of the Lair of Beasts.
You worshipped Gozag.
Gozag was pleased with you.
You visited 4 branches of the dungeon, and saw 18 of its levels.

You collected 3861 gold pieces.
You spent 1358 gold pieces at shops.
You paid 1720 gold pieces to Gozag.

Inventory:

Hand Weapons
 a - a +6 dagger of venom
 b - the +6 short sword of Tenacity (weapon) {vorpal, +Blink rC+++ Int-3 Dex-2}
   (You bought it in a shop on level 2 of the Orcish Mines)

   It inflicts extra damage upon your enemies.
   Int:       It affects your intelligence (-3).
   Dex:       It affects your dexterity (-2).
   rC:        It renders you almost immune to cold.
   +Blink:    It lets you blink.
 l - a +1 rapier of protection
 D - the +8 quick blade "Worm's Wrath" {vorpal, Will+ Dex+2}
   (You acquired it on level 3 of the Lair of Beasts)

   It inflicts extra damage upon your enemies.
   Dex:       It affects your dexterity (+2).
   Will:      It increases your willpower.
 H - a +2 dagger of distortion
Missiles
 h - 3 datura-tipped darts
 i - 21 poisoned darts
 Q - 4 curare-tipped darts
 R - 3 throwing nets (quivered)
Armour
 k - a +1 leather armour of poison resistance
 t - a +1 leather armour
 u - the +2 leather armour of Midnight (worn) {+Inv rElec Regen+ Str-3}
   (You bought it in a shop on level 1 of the Lair of Beasts)

   Str:       It affects your strength (-3).
   rElec:     It insulates you from electricity.
   +Inv:      It lets you turn invisible.
   Regen:     It increases your rate of health regeneration.
 w - a +0 pair of gloves
 y - an orb of guile
 A - a scarf of repulsion (worn)
 B - a +2 pair of gloves (worn)
 J - a +1 robe of cold resistance
 M - an orb of light
 P - +0 acid dragon scales
 V - a +1 hat (worn)
Jewellery
 j - an amulet of reflection (around neck)
 n - a ring of fire
 o - a ring of ice
 v - an amulet of faith
 W - the ring "Paphebef" (left hand) {Fire Drain MP+9 Int+6 Dex+4}
   (You found it on level 2 of the Lair of Beasts)

   [ring of fire]

   It enhances your fire magic.
   Int:       It affects your intelligence (+6).
   Dex:       It affects your dexterity (+4).
   rF:        It protects you from fire.
   rC:        It makes you vulnerable to cold.
   MP:        It affects your magic capacity (+9).
   Drain:     It drains your maximum health when unequipped.
 X - a ring of wizardry
Wands
 g - a wand of digging (3)
 s - a wand of iceblast (4)
 E - a wand of paralysis (13)
 O - a wand of polymorph (2)
 Y - a wand of mindburst (5)
 Z - a wand of acid (6)
Scrolls
 c - 5 scrolls of fog
 d - 3 scrolls of magic mapping
 r - 14 scrolls of identify
 F - 2 scrolls of enchant armour
Potions
 e - a potion of heal wounds
 f - 3 potions of haste
 m - a potion of degeneration
 p - a potion of curing
 q - 3 potions of cancellation
 z - a potion of brilliance
 C - 5 potions of flight
 I - 2 potions of attraction
 L - 3 potions of might
 T - a potion of resistance
Miscellaneous
 N - a lightning rod (4/4)
 S - a condenser vane


   Skills:
 + Level 9.0 Fighting
 * Level 11.8 Short Blades
 + Level 1.5 Throwing
 + Level 6.4 Armour
 + Level 8.1 Dodging
 + Level 13.3 Stealth
 + Level 7.9 Shields
 * Level 4.7 Evocations


You had 12 spell levels left.
You didn't know any spells.
Your spell library contained the following spells:

 Spells                   Type           Power      Damage    Failure   Level
 Gell's Gravitas          Tloc           0%         N/A       75%         3
 Teleport Other           Tloc           0%         N/A       75%         3
 Tukima's Dance           Hex            0%         N/A       75%         3
 Anguish                  Hex/Necr       0%         N/A       98%         4
 Animate Dead             Necr           0%         N/A       98%         4
 Leda's Liquefaction      Hex/Erth       0%         N/A       98%         4
 Olgreb's Toxic Radiance  Pois           0%         N/A       98%         4
 Passage of Golubria      Tloc           0%         N/A       98%         4
 Borgnjor's Vile Clutch   Necr/Erth      0%         N/A       100%        5
 Excruciating Wounds      Necr           0%         N/A       100%        5
 Lee's Rapid Deconstruct  Erth           0%         3d5*      100%        5
 Silence                  Hex/Air        0%         N/A       100%        5
 Death Channel            Necr           0%         N/A       100%        6
 Dispersal                Tloc           0%         N/A       100%        6
 Statue Form              Tmut/Erth      0%         N/A       100%        6
 Enfeeble                 Hex            0%         N/A       100%        7
 Haunt                    Necr/Summ      0%         N/A       100%        7
 Ozocubu's Refrigeration  Ice            0%         4d5       100%        7
 Ignition                 Fire           0%         3d3       100%        8
 Lehudib's Crystal Spear  Conj/Erth      0%         10d2      100%        8


Dungeon Overview and Level Annotations

Branches:
Dungeon (11/15)            Temple (1/1) D:7            Lair (4/6) D:10
 Shoals (0/4) Lair:4        Snake (0/4) Lair:2          Orc (2/2) D:11
    Elf (0/3) Orc:2

Altars:
Ashenzari
Cheibriados
Dithmenos
Elyvilon
Fedhas
Gozag
Hepliaklqana
Kikubaaqudgha
Makhleb
Nemelex Xobeh
Okawaru
Qazlal
Ru
Sif Muna
Trog
Uskayaw
Vehumet
Xom
Yredelemnul
Zin
Beogh

Shops:
D:5 ?=[=   D:6 [*   D:9 *   D:10 *   Orc:2 ![(*   Lair:1 [   Lair:3 =

Annotations:
D:6 3 runed translucent doors, spaghetti's ghost, weakling OpDe
D:10 3 runed translucent doors, exclusion: obsidian statue, RBrandon's ghost, journeyman VSDe
Lair:1 3 runed translucent doors, Zeld's ghost, journeyman MfIE


Innate Abilities, Weirdness & Mutations

You have large cloven feet.
You are partially covered in sharp spines.
You are completely covered in razor-sharp scales. (AC +3, Slay +3)
A meltable shield of frost defends you. (SH +4)
Your body sometimes deteriorates upon taking damage.
Your magical capacity is low. (-10% MP)


Message History

You hit the catoblepas.
The catoblepas is moderately wounded.
The dream sheep shake their wool and sparkle.
You feel drowsy...
You fall asleep.
The catoblepas completely misses you. The bullfrog hits you.
You wake up.
* * * LOW HITPOINT WARNING * * *
The dream sheep is struck by your spines.
You kill the dream sheep!
You block the bullfrog's attack. The dream sheep closely misses you.
The catoblepas gores you but does no damage.
Unknown command.
Unknown command.
Unknown command.
Unknown command.
Okay, then.
Unknown command.
Blink to where?
Press: ? - help, Dir - move target
As you read the scroll of blinking, it crumbles to dust.
You feel yourself speed up.
The catoblepas breathes a plume of calcifying dust at you.
The blast of calcifying dust hits the bullfrog!
The blast of calcifying dust hits you but does no damage.
The bullfrog is engulfed in calcifying dust.
The bullfrog is moving more slowly.
The bullfrog is engulfed in calcifying dust.
The bullfrog stops moving altogether!
The dream sheep is engulfed in calcifying dust.
The dream sheep is moving more slowly.
The bullfrog is engulfed in calcifying dust.
You block the black mamba's attack.
The bullfrog is engulfed in calcifying dust. x2
The dream sheep is engulfed in calcifying dust.
The dream sheep is moving more slowly.
The dream sheep shake their wool and sparkle.
You feel drowsy...
You fall asleep.
The black mamba bites you!!
You die...
Your body crumbles into a pile of gold.

...........Y.Y.................##
...........Y.Y.YY....[..........#
.......$#P.###.#Y§...##.#.###...#
........#### ###..F§.####.###..##
.##....Y# ##....§.##..##...##
#......Y###. #.......##...##...#
.........##. ##..........###...#
..#....Y###.. #S.......#.##...P#
##......!.#..# #@....#^######...#
#......###.#.##........##PP^..##
.........##.##.................##
................................#
..Y.........<...................#
.y.............................##
.$...........>.................#
.................##.#.##..##
..................######...#


You could see a black mamba, a bullfrog (petrified) and 3 dream sheep.

Vanquished Creatures
  Gastronok (Lair:2)
  An orc warlord (Orc:2)
  An ettin (Orc:1)
  Fannar (Lair:2)
  7 hydras
  A catoblepas (Lair:2)
  3 two-headed ogres
  An orc high priest (Orc:1)
  Sonja (Orc:1)
  Urug (Lair:4)
  A lindwurm (Lair:2)
  Pikel (D:9)
  An orc knight (Orc:1)
  5 orc sorcerers
  An elephant (Lair:4)
  4 black mambas
  13 cane toads
  A gargoyle (D:11)
  2 rime drakes
  4 komodo dragons
  2 meliai (Lair:4)
  2 polar bears
  4 trolls
  3 hornets
  Grinder (D:4)
  2 dream sheep (Lair:4)
  4 blink frogs
  A meliai zombie (D:10)
  A shadow (D:9)
  8 wyverns
  24 yaks
  A vampire (D:10)
  Grum (Lair:1)
  Eustachio (D:4)
  An acid dragon (D:11)
  A naga (Lair:2)
  A warg (Orc:1)
  13 water moccasins
  Duvessa (D:7)
  An ice beast (D:7)
  A sky beast (D:6)
  2 black bears
  A necrophage (D:7)
  34 orc warriors
  5 ogres
  23 wolves
  3 centaurs
  2 lemures
  2 kobold brigands (D:9)
  3 scorpions
  A wyvern zombie (D:8)
  10 bullfrogs
  2 gnoll sergeants
  A wyvern skeleton (D:5)
  Dowan (D:7)
  A water moccasin skeleton (D:6)
  30 killer bees
  9 wights (D:7)
  3 electric eels (D:8)
  7 crimson imps (D:10)
  4 centaur zombies
  A jelly (D:6)
  28 orc priests
  A gnoll shaman (D:7)
  6 hounds
  2 centaur skeletons
  An iguana (D:6)
  22 orc wizards
  A hell rat (Lair:4)
  3 killer bee zombies
  26 gnolls
  5 adders
  A shadow imp (D:6)
  3 white imps
  3 ufetubi
  3 worms (D:2)
  5 dart slugs
  78 orcs
  9 ball pythons
  8 endoplasms
  A giant cockroach (D:4)
  6 goblins
  5 hobgoblins
  3 jackals (D:3)
  17 kobolds
  3 quokkas
  6 bats
  4 frilled lizards
  7 rats
527 creatures vanquished.

Vanquished Creatures (others)
  14 fungi
  53 plants
67 creatures vanquished.

Grand Total: 594 creatures vanquished

Notes
Turn   | Place    | Note
-------+----------+-------------------------------------------
     0 | D:5      | Snicker the Demonspawn Delver began the quest for the Orb.
     0 | D:5      | Reached XP level 1. HP: 18/18 MP: 1/1
    37 | D:6      | Noticed a hound
   293 | D:4      | Gained mutation: You are partially covered in sharp spines.
                  | [demonic ancestry]
   293 | D:4      | Reached XP level 2. HP: 20/24 MP: 2/2
   370 | D:4      | Noticed Grinder
   484 | D:3      | Reached skill level 5 in Stealth
   541 | D:3      | Gained mutation: You are partially covered in razor-sharp
                  | scales. (AC +1, Slay +1) [demonic ancestry]
   541 | D:3      | Reached XP level 3. HP: 24/29 MP: 3/3
  1084 | D:3      | Gained mutation: You are mostly covered in razor-sharp
                  | scales. (AC +2, Slay +2) [demonic ancestry]
  1084 | D:3      | Reached XP level 4. HP: 32/35 MP: 4/4
  1726 | D:2      | Found a burning altar of Makhleb.
  1849 | D:2      | Reached XP level 5. HP: 38/41 MP: 5/5
  2778 | D:1      | Found a faded altar of an unknown god.
  4911 | D:6      | Reached skill level 1 in Armour
  5030 | D:5      | Reached XP level 6. HP: 36/47 MP: 6/6
  5039 | D:5      | Reached skill level 6 in Stealth
  5562 | D:4      | Paralysed by Grinder for 2 turns
  5687 | D:4      | Paralysed by Grinder for 5 turns
  5706 | D:4      | Killed Grinder
  5707 | D:4      | Gained mutation: You have large cloven feet. [demonic
                  | ancestry]
  5707 | D:4      | Reached XP level 7. HP: 46/53 MP: 7/7
  5944 | D:4      | Noticed Eustachio
  5951 | D:4      | Killed Eustachio
  5992 | D:4      | Noticed a wyvern
  6001 | D:4      | Killed a wyvern
  6002 | D:4      | Reached skill level 5 in Short Blades
  6002 | D:4      | Reached skill level 1 in Shields
  6665 | D:5      | Found Neschueng's Magic Scroll Emporium.
  6811 | D:5      | Found Filaro's Jewellery Emporium.
  6813 | D:5      | Reached XP level 8. HP: 60/60 MP: 8/8
  6905 | D:5      | Reached skill level 7 in Stealth
  7222 | D:5      | Found Ykopuo's Armour Shoppe.
  7248 | D:5      | Found Rureh's Jewellery Emporium.
  7265 | D:5      | Got the Reference Book on Dark Secrets
  7565 | D:6      | Found Naistuv's CLEARANCE SALE!.
  7752 | D:6      | Found Zalykib's Antique Armour Emporium.
  7762 | D:6      | Bought a glowing scarf for 264 gold pieces
  7762 | D:6      | Bought a pair of glowing gloves for 247 gold pieces
  7965 | D:6      | Found a runed translucent gate.
  7965 | D:6      | Found a runed translucent gate.
  7966 | D:6      | Found a runed translucent gate.
  8059 | D:6      | Reached skill level 8 in Stealth
  8187 | D:6      | Found a snail-covered altar of Cheibriados.
  8336 | D:6      | Noticed spaghetti's ghost (weakling OpDe)
  8386 | D:7      | Noticed a hornet
  8887 | D:7      | Gained mutation: A meltable shield of frost defends you.
                  | (SH +4) [demonic ancestry]
  8887 | D:7      | Reached XP level 9. HP: 58/66 MP: 9/9
  8918 | D:7      | Found a staircase to the Ecumenical Temple.
  9027 | D:7      | Paralysed by a hornet for 1 turns
  9520 | D:7      | Noticed Dowan
  9521 | D:7      | Noticed Duvessa
  9526 | D:7      | Reached skill level 9 in Stealth
  9542 | D:7      | Killed Duvessa
  9553 | D:7      | Killed Dowan
  9701 | Temple   | Entered the Ecumenical Temple
 10175 | D:8      | Noticed a two-headed ogre
 10195 | D:8      | Killed a two-headed ogre
 10196 | D:8      | Reached skill level 5 in Fighting
 10734 | D:8      | Reached XP level 10. HP: 70/74 MP: 10/10
 12107 | D:9      | Noticed Pikel
 12323 | D:9      | Found Iloedd's General Store.
 12372 | D:9      | Reached skill level 10 in Stealth
 12505 | D:9      | Killed Pikel
 13390 | D:10     | Entered Level 10 of the Dungeon
 13425 | D:10     | Found Xosadghi's Assorted Antiques.
 13465 | D:10     | Found a runed translucent gate.
 13577 | D:10     | Found a runed translucent gate.
 13577 | D:10     | Found an opulent altar of Gozag.
 13582 | D:10     | Found a runed translucent gate.
 13582 | D:10     | Noticed a fire giant
 13587 | D:10     | Noticed an obsidian statue
 13588 | D:10     | Noticed a tengu warrior
 13588 | D:10     | Noticed RBrandon's ghost (journeyman VSDe)
 13754 | D:10     | Gained mutation: You are completely covered in razor-sharp
                  | scales. (AC +3, Slay +3) [demonic ancestry]
 13754 | D:10     | Reached XP level 11. HP: 81/81 MP: 11/11
 13779 | D:10     | Reached skill level 5 in Dodging
 13968 | D:10     | Identified the +7 plate armour of the Game of Life {-Tele
                  | rPois Str-5 Dex+9}
 14343 | D:10     | Found a staircase to the Lair.
 14479 | D:11     | Noticed a two-headed ogre
 14489 | D:11     | Killed a two-headed ogre
 14615 | D:11     | Noticed a seven-headed hydra
 14641 | D:11     | Found a staircase to the Orcish Mines.
 15097 | D:11     | Killed a seven-headed hydra
 15098 | D:11     | Reached skill level 5 in Shields
 15318 | D:11     | Found a shimmering blue altar of Sif Muna.
 15360 | Orc:1    | Entered Level 1 of the Orcish Mines
 15627 | Orc:1    | Noticed a two-headed ogre
 15753 | Orc:1    | Killed a two-headed ogre
 15754 | Orc:1    | Reached skill level 10 in Short Blades
 15754 | Orc:1    | Reached skill level 11 in Stealth
 15754 | Orc:1    | Noticed Sonja
 15941 | Orc:1    | Reached skill level 1 in Throwing
 15945 | Orc:1    | Killed Sonja
 16347 | Temple   | Became a worshipper of Gozag Ym Sagoz the Greedy
 16572 | Orc:1    | Noticed an orc high priest
 16572 | Orc:1    | Noticed an ettin
 16597 | Orc:1    | Killed an ettin
 16618 | Orc:1    | Killed an orc high priest
 16861 | Orc:1    | Noticed an orc sorcerer
 16866 | Orc:1    | Killed an orc sorcerer
 17080 | Orc:2    | Entered Level 2 of the Orcish Mines
 17080 | Orc:2    | Noticed an orc sorcerer
 17080 | Orc:2    | Noticed an orc knight
 17122 | Orc:1    | Killed an orc knight
 17123 | Orc:1    | Reached skill level 5 in Armour
 17330 | Orc:2    | Paralysed by an orc sorcerer for 2 turns
 17532 | Orc:1    | Killed an orc sorcerer
 17533 | Orc:1    | Reached XP level 12. HP: 77/89 MP: 12/12
 18643 | Orc:2    | Found Kopykum's Distillery.
 19167 | Orc:2    | Found a staircase to the Elven Halls.
 19926 | Orc:2    | Found Qytem's General Store.
 20023 | Orc:2    | Reached skill level 12 in Stealth
 20028 | Orc:2    | Noticed an orc warlord
 21183 | Orc:2    | Killed an orc warlord
 21467 | Orc:2    | Found Qeterenk's Antique Weapon Shoppe.
 21617 | Orc:2    | Found Pumes's Antique Armour Emporium.
 21625 | Orc:2    | Bought a translucent short sword for 176 gold pieces
 21625 | Orc:2    | Identified the +6 short sword of Tenacity {vorpal, +Blink
                  | rC+++ Int-3 Dex-2} (You bought it in a shop on level 2 of
                  | the Orcish Mines)
 21632 | Orc:2    | Bought a crude ring mail for 324 gold pieces
 21632 | Orc:2    | Identified the +0 ring mail of Stoicism {Rampage rElec
                  | Dex-3} (You bought it in a shop on level 2 of the Orcish
                  | Mines)
 21885 | Lair:1   | Entered Level 1 of the Lair of Beasts
 21887 | Lair:1   | Reached skill level 1 in Evocations
 21901 | Lair:1   | Bought the +2 leather armour of Midnight {+Inv rElec Regen+
                  | Str-3} for 347 gold pieces
 21933 | Lair:1   | Noticed Grum
 21937 | Lair:1   | Noticed a four-headed hydra
 21952 | Lair:1   | Killed Grum
 21960 | Lair:1   | Killed a four-headed hydra
 22058 | Lair:1   | Found a runed translucent gate.
 22059 | Lair:1   | Found a runed translucent gate.
 22059 | Lair:1   | Noticed Zeld's ghost (journeyman MfIE)
 22059 | Lair:1   | Noticed an 11-headed hydra
 22060 | Lair:1   | Found a runed translucent gate.
 22070 | Lair:1   | Noticed a 12-headed hydra
 22806 | Lair:2   | Noticed Gastronok
 22820 | Lair:2   | Killed Gastronok
 22872 | Lair:2   | Reached XP level 13. HP: 97/98 MP: 13/13
 22954 | Lair:2   | Reached skill level 13 in Stealth
 23365 | Lair:2   | Identified the ring "Paphebef" {Fire Drain MP+9 Int+6
                  | Dex+4}
 23898 | Lair:2   | Found a staircase to the Snake Pit.
 24312 | Lair:2   | Gained mutation: You are frail. (-10% HP) [potion of
                  | mutation]
 24312 | Lair:2   | Lost mutation: You are frail. (-10% HP) [potion of
                  | mutation]
 24348 | Lair:2   | Gained mutation: You are clumsy. (Dex -2) [potion of
                  | mutation]
 24349 | Lair:2   | Lost mutation: You are clumsy. (Dex -2) [potion of
                  | mutation]
 24349 | Lair:2   | Gained mutation: Your body sometimes deteriorates upon
                  | taking damage. [potion of mutation]
 24349 | Lair:2   | Gained mutation: Your magical capacity is low. (-10% MP)
                  | [potion of mutation]
 24425 | Lair:3   | Noticed Fannar
 25113 | Lair:2   | Killed Fannar
 25989 | Lair:3   | Identified the +11 hand axe "Raggevuf" {freeze, rC++ Int-2}
 25998 | Lair:3   | Identified a scroll of acquirement
 25998 | Lair:3   | Acquired the +8 quick blade "Worm's Wrath" {vorpal, Will+
                  | Dex+2}
 26879 | Lair:4   | Noticed Urug
 26886 | Lair:4   | Killed Urug
 27129 | Lair:4   | Found a staircase to the Shoals.
 27482 | Lair:4   | Slain by a black mamba

Illustrated notes

Levels and vault maps discovered:
D:1:      saegor_arrival_simple_e, layout_loops_corners,
          ebering_ecumenical_altar_rust
D:2:      layout_basic, basic_altar
D:3:      layout_basic, st_stairs_3, minmay_checkerbox
D:4:      layout_basic, uniq_eustachio, uniq_grinder
D:5:      layout_loops_cross, serial_shops, nicolae_shop_trees, shop, shop, shop
D:6:      layout_basic, mainiacjoe_overflow_alcove_4, serial_shops,
          nicolae_shop_stone, gammafunk_ghost_necromancy,
          ebering_dispersal_statue_hall, hangedman_abyss_or_decor_stagger,
          skrybe_limestone_x, nicolae_shop_clearance
D:7:      layout_basic, minmay_temple_entry_stoned_glass, st_stairs_14,
          kennysheep_potato, uniq_duvessa
D:8:      cheibrodos_quashed, layout_loops_corners, serial_bayou,
          serial_bayou_lagoon_a, serial_bayou_pond_d, serial_bayou_pond_b,
          serial_bayou_shore_b
D:9:      layout_gridville, serial_shops, shop, uniq_pikel
D:10:     layout_cave_pools, lair_entry_dummy, ebering_ghost_gozag,
          serial_shops, nicolae_shop_trees, minmay_nine_imps
D:11:     layout_rooms, minmay_orc_entry_temple_small, led_sif_pool
Temple:   kilobyte_greek_temple
Lair:1:   layout_roguey, gammafunk_ghost_hydra_chop, serial_bayou_shore_a,
          uniq_grum
Lair:2:   layout_layer_cave, guppyfry_snake_entry_garden,
          hangedman_lair_generics_rect, infiniplex_staircase_pool_2,
          uniq_gastronok
Lair:3:   layout_long_grid, grunt_megastairs_5, uniq_fannar
Lair:4:   regret_index_bee_streams, layout_regular_city, shoals_dummy_entry,
          nicolae_lair_yak_garden, uniq_urug
Orc:1:    layout_caves, uniq_sonja
Orc:2:    grunt_orc_community_town_hall, layout_caves,
          grunt_orc_community_big_house_1, grunt_orc_community_big_house_1,
          grunt_orc_community_house_1, grunt_orc_community_house_1,
          grunt_orc_community_house_2, grunt_orc_community_house_2,
          grunt_orc_community_house_2, grunt_orc_community_house_2

Skill      XL: |  1  2  3  4  5  6  7  8  9 10 11 12 13 |
---------------+----------------------------------------+-----
Short Blades   | 2 3 4 5 6 8 9 10 11 | 11.8
Stealth        | 5 6 8 9 10 11 12 13 | 13.3
Dodging        | 2 3 4 6 7 8 |  8.1
Armour         | 1 2 3 4 5 6 |  6.4
Shields        | 1 3 4 6 7 |  7.9
Fighting       | 4 5 6 8 9 |  9.0
Throwing       | 1 |  1.5
Evocations     | 2 4 |  4.7

Action                   |  1- 3 |  4- 6 |  7- 9 | 10-12 | 13-15 || total
-------------------------+-------+-------+-------+-------+-------++-------
Melee: Short sword       |    49 |       |       |    81 |   439 ||   569
       Rapier            |    11 |    37 |       |       |       ||    48
       Punch             |     1 |     2 |     4 |    17 |    11 ||    35
       Dagger            |       |    73 |   217 |   795 |       ||  1085
       Kick              |       |       |    83 |   363 |   175 ||   621
Throw: Throwing net      |       |     3 |     1 |     8 |     2 ||    14
Invok: Call Merchant     |       |       |       |     1 |     1 ||     2
 Abil: Evoke Blink       |       |       |       |       |     1 ||     1
Evoke: Wand              |       |       |       |     4 |     2 ||     6
  Use: Scroll            |     1 |     8 |     2 |     2 |     7 ||    20
       Potion            |       |     5 |       |     4 |    13 ||    22
 Stab: Sleeping          |    12 |    15 |    15 |    22 |    13 ||    77
       Distracted        |       |       |       |     6 |     4 ||    10
       Held in net/web   |       |       |       |     3 |     1 ||     4
       Petrified         |       |       |       |       |     2 ||     2
       Invisible         |       |       |       |       |     1 ||     1
Armor: Leather armour    |    11 |    14 |    43 |    72 |    89 ||   229
       Acid dragon scale |       |       |       |    33 |       ||    33
Dodge: Dodged            |    29 |    44 |    76 |   302 |   202 ||   653
       Repelled          |       |       |     1 |     7 |     1 ||     9
Block: Other             |     5 |    18 |    57 |   207 |   159 ||   446
       Reflection        |       |     2 |     1 |    11 |       ||    14
